 Dungeon Crawl Stone Soup version 0.27-a0-686-gaed091b46b (webtiles) character file.

Game seed: 15895180372502073791

228 dolemite99 the Cudgeller (level 5, 0/42 HPs)
             Began as a Minotaur Gladiator on Mar 21, 2021.
             Slain by a goblin
             ... wielding a +0 club
             ... led by Robin
              (4 damage)
             ... on level 4 of the Dungeon.
             The game lasted 00:03:52 (4246 turns).

dolemite99 the Cudgeller (Minotaur Gladiator)       Turns: 4246, Time: 00:03:53

Health: 0/42       AC: 10    Str: 20    XL:     5   Next: 71%
Magic:  4/4        EV:  6    Int:  5    God:
Gold:   74         SH:  0    Dex: 11    Spells: 4/4 levels left

rFire    . . .     SeeInvis .   a - +1 dire flail
rCold    . . .     Faith    .   (shield currently unavailable)
rNeg     + . .     Spirit   .   l - +0 plate armour
rPois    .         Reflect  .   c - +0 hat
rElec    .         Harm     .   (no cloak)
rCorr    .         Rampage  .   (no gloves)
Will     .....                  (no boots)
Stlth    ..........             (no amulet)
HPRegen  0.14/turn              u - ring of positive energy
MPRegen  0.09/turn              (no ring)

@: mighty
A: horns 2, retaliatory headbutt
a: no special abilities


You were on level 4 of the Dungeon.
You visited 1 branch of the dungeon, and saw 4 of its levels.

You collected 129 gold pieces.
You spent 55 gold pieces at shops.

Inventory:

Hand Weapons
 a - a +1 dire flail (weapon)
 j - a +1 quarterstaff
 k - a +0 dagger of pain
Missiles
 d - 3 throwing nets (quivered)
 g - 32 bolts
 h - 159 stones
 o - 20 sling bullets
 t - 22 arrows
Armour
 b - a +0 leather armour
 c - a +0 hat (worn)
 l - a +0 plate armour (worn)
 p - a +0 cloak
Jewellery
 u - a ring of positive energy (right hand)
Scrolls
 e - 3 scrolls of identify {@r1}
 f - a scroll of amnesia
 q - a scroll of teleportation {unknown}
 r - a scroll of vulnerability {unknown}
Potions
 i - 2 potions of curing
 m - a potion of might
 n - a potion of flight
 s - a potion of haste {unknown}


   Skills:
 - Level 2.4 Fighting
 + Level 5.9(6.7) Maces & Flails
 - Level 4.9(6.2) Staves
 - Level 2.0 Throwing
 - Level 3.2 Dodging


You had 4 spell levels left.
You didn't know any spells.
Your spell library contained the following spells:

 Spells                   Type           Power      Damage    Failure   Level
 Sandblast                Erth           0%         2d4       100%        1
 Conjure Flame            Conj/Fire      0%         6-21      100%        3
 Animate Armour           Summ/Erth      0%         N/A       100%        4
 Iskenderun's Mystic Bla  Conj/Tloc      0%         2d3       100%        4
 Iskenderun's Battlesphe  Conj           0%         2d6       100%        5


Dungeon Overview and Level Annotations

Branches:
Dungeon (4/15)
 Temple: D:4-7

Altars:

Shops:
D:1 *

Annotations:
D:4 Robin


Innate Abilities, Weirdness & Mutations

You have a pair of horns on your head.
You reflexively headbutt those who attack you in melee.


Message History

You barely miss the goblin.
The goblin is severely wounded.
A quokka comes into view.
The goblin hits you but does no damage.
You feel better. The goblin barely misses you.
The goblin hits you with a +0 club.
* * * LOW HITPOINT WARNING * * *
You feel very mighty all of a sudden. The goblin hits you with a +0 club.
* * * LOW HITPOINT WARNING * * *
The goblin hits you but does no damage.
You puncture the goblin!
You kill the goblin!
The goblin hits you with a +0 club.
* * * LOW HITPOINT WARNING * * *
You feel better. The goblin hits you with a +0 club.
* * * LOW HITPOINT WARNING * * *
The hobgoblin hits you.
* * * LOW HITPOINT WARNING * * *
You feel better. Robin hits you but does no damage.
The goblin barely misses you.
The hobgoblin hits you but does no damage.
You closely miss the hobgoblin. You headbutt the hobgoblin.
You kill the hobgoblin!
Robin barely misses you. The goblin hits you with a +0 club!
* * * LOW HITPOINT WARNING * * *
Your plate armour prevents you from hitting the goblin.
Your headbutt misses the goblin.
Robin hits you from afar with a +0 spear.
* * * LOW HITPOINT WARNING * * *
The goblin closely misses you. Robin hits you with a +0 spear.
* * * LOW HITPOINT WARNING * * *
Things that are here:
a +0 club; a +0 club; a hobgoblin corpse Your plate armour prevents you from hitting Robin.
You headbutt Robin!
Robin is heavily wounded.
Robin hits you but does no damage. The goblin hits you with a +0 club.
You die...

..###.##.....#######.
..#...##.....#####
..#..............#
..#..†........##.#
..#...........##.#
.##...........##.#
.##...........##)#
.##.####......##g# ..# .##†#
#.......#@# ..#
.##.#####......#g# ..# .
........)......#r#+###..##..
...............#...ooo......
.......##......#...........#
.......##......#...........#
....##########.#...........#
....# '#....gg.g...# ....#
.........g.....


You could see Robin, a quokka and a goblin (strong).

Vanquished Creatures
  2 orc priests (D:3)
  Terence (D:3)
  A worker ant (D:4)
  4 adders
  A worm (D:2)
  2 leopard geckos
  6 orcs
  2 ball pythons
  5 bats
  4 giant cockroaches
  14 goblins
  10 hobgoblins
  2 quokkas (D:3)
  6 frilled lizards
  6 kobolds
  6 rats
72 creatures vanquished.

Notes
Turn   | Place    | Note
-------+----------+-------------------------------------------
     0 | D:1      | dolemite99 the Minotaur Gladiator began the quest for the
                  | Orb.
     0 | D:1      | Reached XP level 1. HP: 18/18 MP: 0/0
    77 | D:1      | Found Temav's General Store.
   233 | D:1      | Reached XP level 2. HP: 23/25 MP: 1/1
   791 | D:2      | Reached skill level 1 in Maces & Flails
   791 | D:2      | Reached XP level 3. HP: 19/30 MP: 2/2
  1132 | D:2      | Reached skill level 2 in Maces & Flails
  1555 | D:2      | Reached skill level 3 in Maces & Flails
  2828 | D:1      | Bought a potion of curing for 33 gold pieces
  2828 | D:1      | Bought a scroll of identify for 22 gold pieces
  2900 | D:3      | Reached XP level 4. HP: 37/37 MP: 3/3
  3000 | D:3      | Identified the Handbook of Dusty Conjuration
  3091 | D:3      | Reached skill level 4 in Maces & Flails
  3425 | D:3      | Noticed Terence
  3430 | D:3      | Killed Terence
  3431 | D:3      | Reached skill level 5 in Maces & Flails
  3431 | D:3      | Reached XP level 5. HP: 35/42 MP: 4/4
  4193 | D:4      | Noticed Robin
  4241 | D:4      | HP: 2/42 [hobgoblin[Robin] (2)]
  4246 | D:4      | Slain by a goblin

Illustrated notes

Levels and vault maps discovered:
D:1:      evilmike_arrival_rings, layout_loops_ring, serial_shops,
          shop_fountains
D:2:      layout_rooms, due_unseen_surprise
D:3:      layout_basic, hangedman_decor_opposing, uniq_terence
D:4:      layout_basic, uniq_robin

Skill      XL: |  1  2  3  4 |
---------------+-------------+-----
Staves         | 4 |  4.9
Maces & Flails | 1 3 5 |  5.9
Fighting       | |  2.4
Throwing       | |  2.0
Dodging        | |  3.2

Action                   |  1- 3 |  4- 6 || total
-------------------------+-------+-------++-------
Melee: Quarterstaff      |    27 |       ||    27
       Headbutt          |     6 |    17 ||    23
       Dire flail        |    44 |    83 ||   127
  Use: Scroll            |     6 |     1 ||     7
       Potion            |       |     7 ||     7
Armor: Leather armour    |    21 |       ||    21
       Plate armour      |       |    55 ||    55
Dodge: Dodged            |    60 |    30 ||    90

Table legend: (Time is in decaauts)
 A = Elapsed time spent in this place.
 B = Non-inter-level travel time spent in this place.
 C = Inter-level travel time spent in this place.
 D = Time resting spent in this place.
 E = Time spent auto-exploring this place.
 F = Levels seen in this place.
 G = Mean time per level.
                   A        B        C        D        E       F      G
               +--------+--------+--------+--------+--------+-----+--------+
         Total |   4252 |   4142 |    110 |   1876 |   1695 |   4 | 1063.0 |
       Dungeon |   4252 |   4142 |    110 |   1876 |   1695 |   4 | 1063.0 |
               +--------+--------+--------+--------+--------+-----+--------+

Top non-repeatable levels by time:
     D:2: 2077 daAuts
     D:3: 1173 daAuts
     D:1: 800 daAuts
     D:4: 200 daAuts
